 Dungeon Crawl Stone Soup version 0.24.0-125-gc4c63601f3 (webtiles) character file.

Game seed: 10787220396659736412, levelgen mode: deterministic

39 shakethe the Charmwright (level 3, -1/31 HPs)
             Began as a Gnoll Skald on Mar 18, 2020.
             Succumbed to an adder's poison
             ... on level 2 of the Dungeon.
             The game lasted 00:02:20 (1035 turns).

shakethe the Charmwright (Gnoll Skald)              Turns: 1035, Time: 00:02:21

Health: -1/31      AC:  8    Str: 10 (13) XL:     3   Next: 45%
Magic:  1/9        EV:  5    Int: 15 (16) God:
Gold:   48         SH:  0    Dex: 12 (14) Spells: 11/12 levels left

rFire    . . .     SeeInvis .   a - +0 mace
rCold    . . .     Gourm    .   (no shield)
rNeg     . . .     Faith    .   b - +0 chain mail (curse)
rPois    .         Spirit   +   (no helmet)
rElec    .         Reflect  .   h - scarf {Spirit}
rCorr    .         Harm     .   (no gloves)
MR       +....                  (no boots)
Stlth    ..........             (no amulet)
HPRegen  0.10/turn              e - ring of protection from magic
MPRegen  0.11/turn              (no ring)

@: lethally poisoned (-1 -> -17)
A: distributed training, fangs 1, strong nose
a: no special abilities


You were on level 2 of the Dungeon.
You were hungry.

You visited 1 branch of the dungeon, and saw 2 of its levels.

You collected 48 gold pieces.

Inventory:

Hand Weapons
 a - a +0 mace (weapon)
Armour
 b - a cursed +0 chain mail (worn)
 h - a scarf of spirit shield (worn)
Jewellery
 e - a ring of protection from magic (left hand)
Scrolls
 c - 2 scrolls of amnesia {unknown}
 g - a scroll of enchant armour {unknown}
Comestibles
 d - 3 rations


   Skills:
 + Level 4.5 Fighting
 + Level 0.7 Short Blades
 + Level 0.7 Long Blades
 + Level 0.7 Axes
 + Level 4.5 Maces & Flails
 + Level 0.7 Polearms
 + Level 0.7 Staves
 + Level 0.7 Slings
 + Level 0.7 Bows
 + Level 0.7 Crossbows
 + Level 0.7 Throwing
 + Level 2.6 Armour
 + Level 4.5 Dodging
 + Level 0.7 Stealth
 + Level 0.7 Shields
 + Level 0.7 Unarmed Combat
 + Level 5.0 Spellcasting
 + Level 0.5 Conjurations
 + Level 0.5 Hexes
 + Level 5.4 Charms
 + Level 0.5 Summonings
 + Level 0.5 Necromancy
 + Level 0.5 Translocations
 + Level 0.5 Transmutations
 + Level 0.5 Fire Magic
 + Level 0.5 Ice Magic
 + Level 0.5 Air Magic
 + Level 0.5 Earth Magic
 + Level 0.5 Poison Magic
 + Level 0.9 Invocations
 + Level 0.7 Evocations


You had 11 spell levels left.
You knew the following spells:

 Your Spells              Type           Power        Failure   Level  Hunger
a - Infusion              Chrm           ###.         75%         1    None

Your spell library contained the following spells:

 Spells                   Type           Power        Failure   Level  Hunger
 Song of Slaying          Chrm           ###.....     87%         2    ##.....
 Shroud of Golubria       Chrm/Tloc      ##....       99%         2    ##.....
 Regeneration             Chrm/Necr      ##........   100%        3    ###....
 Spectral Weapon          Hex/Chrm       ##......     100%        3    ###....


Dungeon Overview and Level Annotations

Branches:
Dungeon (2/15)

Altars:


Innate Abilities, Weirdness & Mutations

Your experience applies equally to all skills.
You have very sharp teeth.
Your uncanny sense of smell can sniff out nearby items.


Message History

You are more poisoned.
The adder poisons you! The rat bites you.
* * * LOW HITPOINT WARNING * * *
You hit the rat but do no damage.
You are feeling hungry.
* * * LOW HITPOINT WARNING * * *
You feel sick. The adder bites you.
* * * LOW HITPOINT WARNING * * *
You are more poisoned.
The adder poisons you!
The rat bites you but does no damage. x2
The adder bites you but does no damage.
You hit the rat.
The rat is moderately wounded.
* * * LOW HITPOINT WARNING * * *
You feel sick.
The rat bites you but does no damage. x2
The adder bites you but does no damage. The rat bites you but does no damage.
Unknown command.
You hit the rat.
You kill the rat!
You die...

.. #.# # ..# .#
..###.## . .%.#..#
...## ####.g%#
......#†).#rS#
.........K†@.#
......##.##........
###.. #.#.#........
#. #. .#........ #
#.∆.#..###### ##
##.## ..# ###


You could see an adder, a goblin, a kobold and a rat.

Vanquished Creatures
  2 adders (D:2)
  A leopard gecko (D:1)
  2 bats (D:1)
  2 giant cockroaches (D:1)
  3 goblins (D:1)
  2 hobgoblins (D:1)
  4 frilled lizards
  3 kobolds (D:1)
  3 rats
22 creatures vanquished.

Notes
Turn   | Place    | Note
-------+----------+-------------------------------------------
     0 | D:1      | shakethe the Gnoll Skald began the quest for the Orb.
     0 | D:1      | Reached XP level 1. HP: 20/20 MP: 6/6
   169 | D:1      | Reached XP level 2. HP: 26/26 MP: 7/7
  1022 | D:2      | Reached skill level 5 in Spellcasting
  1022 | D:2      | Reached XP level 3. HP: 17/31 MP: 2/9
  1034 | D:2      | HP: 1/31 [poisoned by an adder]
  1035 | D:2      | Succumbed to an adder's poison

Levels and vault maps discovered:
D:1:      wander_arrival_chamber, layout_basic, minmay_pentomino_p4
D:2:      layout_rooms, first_ration, kennysheep_nondescript, minmay_distorted

Skill      XL: |  1  2 |
---------------+-------+-----
Spellcasting   | 5 |  5.0
Fighting       | |  4.5
Short Blades   | |  0.7
Long Blades    | |  0.7
Axes           | |  0.7
Maces & Flails | |  4.5
Polearms       | |  0.7
Staves         | |  0.7
Slings         | |  0.7
Bows           | |  0.7
Crossbows      | |  0.7
Throwing       | |  0.7
Armour         | |  2.6
Dodging        | |  4.5
Stealth        | |  0.7
Shields        | |  0.7
Unarmed Combat | |  0.7
Conjurations   | |  0.5
Hexes          | |  0.5
Charms         | |  5.4
Summonings     | |  0.5
Necromancy     | |  0.5
Translocations | |  0.5
Transmutations | |  0.5
Fire Magic     | |  0.5
Ice Magic      | |  0.5
Air Magic      | |  0.5
Earth Magic    | |  0.5
Poison Magic   | |  0.5
Invocations    | |  0.9
Evocations     | |  0.7

Action                   || total
-------------------------++-------
Melee: Mace              ||    87
       Bite              ||     4
 Cast: Infusion          ||     1
  Use: Potion            ||     1
Armor: Chain mail        ||    69
       Leather armour    ||     3
Dodge: Dodged            ||    40
